 Dungeon Crawl Stone Soup version 0.30.1-11-g7821555f0a (webtiles) character file.

Game seed: 2517978272680094732

95218 Kallu the Lord of Darkness (level 15, 0/113 HPs)
             Began as a Demonspawn Conjurer on Jan 4, 2024.
             Was the Champion of Kikubaaqudgha.
             Slain by a culicivora (20 damage)
             ... on level 2 of the Spider Nest on Jan 6, 2024.
             The game lasted 01:46:00 (34886 turns).

Kallu the Lord of Darkness (Demonspawn Conjurer)   Turns: 34886, Time: 01:46:03

Health: 0/113      AC: 12    Str: 11    XL:     15   Next: 65%
Magic:  0/31       EV: 19    Int: 27    God:    Kikubaaqudgha [******]
Gold:   1169       SH:  0    Dex: 13    Spells: 11/38 levels left

rFire   + . .        b - +4 bardiche of Kindness {flame, rN+ Will+ Str+3 Int+2}
rCold   . . .        (shield currently unavailable)
rNeg    + . .        v - +1 robe {rF+}
rPois   +            O - +2 hat {SInv}
rElec   .            i - scarf {repulsion}
rCorr   .            s - +0 pair of gloves
SInv    +            Q - +2 pair of boots
Will    ++...        R - amulet of regeneration
Stlth   ++           U - ring of see invisible
HPRegen 1.18/turn    C - ring of poison resistance
MPRegen 0.22/turn

%: repel missiles
@: mighty, agile, studying Dodging
A: horns 2, thin metallic scales 2, demonic guardian 1, powered by pain 2
a: Renounce Religion, Unearth Wretches, Torment


You were on level 2 of the Spider Nest.
You worshipped Kikubaaqudgha.
Kikubaaqudgha was exalted by your worship.
You visited 4 branches of the dungeon, and saw 23 of its levels.

You collected 1349 gold pieces.
You spent 180 gold pieces at shops.

Inventory:

Hand Weapons
 b - the +4 bardiche of Kindness (weapon) {flame, rN+ Will+ Str+3 Int+2}
   (You found it on level 5 of the Lair of Beasts)

   Str:       It affects your strength (+3).
   Int:       It affects your intelligence (+2).
   rN:        It protects you from negative energy.
   Will:      It increases your willpower.
Missiles
 d - 10 atropa-tipped darts
Armour
 i - a scarf of repulsion (worn)
 s - a +0 pair of gloves (worn)
 v - a +1 robe of fire resistance (worn)
 O - a +2 hat of see invisible (worn)
 Q - a +2 pair of boots (worn)
Magical Staves
 a - a staff of conjuration
Jewellery
 B - a ring of wizardry
 C - a ring of poison resistance (right hand)
 I - a ring of fire
 J - a ring of willpower
 K - a ring of protection from cold
 R - an amulet of regeneration (around neck)
 T - a ring of ice
 U - a ring of see invisible (left hand)
Wands
 z - a wand of quicksilver (11)
 D - a wand of mindburst (34)
 L - a wand of digging (22)
 N - a wand of roots (14)
 X - a wand of flame (8)
Scrolls
 j - 3 scrolls of silence
 k - 8 scrolls of amnesia
 l - 2 scrolls of immolation
 p - a scroll of torment
 q - 3 scrolls of brand weapon
 x - 5 scrolls of enchant weapon
 y - 4 scrolls of vulnerability
 A - 3 scrolls of teleportation
 E - 2 scrolls of noise
 G - 2 scrolls of fog
 W - 2 scrolls of poison
 Z - a scroll of enchant armour
Potions
 c - 8 potions of flight
 e - 6 potions of curing
 f - a potion of berserk rage
 g - 5 potions of ambrosia
 h - 3 potions of heal wounds
 n - 3 potions of lignification
 r - a potion of resistance
 t - 5 potions of brilliance
 u - 5 potions of mutation
 F - 2 potions of haste
 H - 4 potions of cancellation
 P - 4 potions of attraction
Miscellaneous
 w - a piece from Xom's chessboard (15/15)
 M - a box of beasts
 S - a lightning rod (4/4)
 V - a phantom mirror
 Y - a phial of floods


   Skills:
 - Level 9.0 Fighting
 - Level 5.0 Long Blades
 - Level 6.0 Polearms
 - Level 6.0 Dodging
 - Level 1.7 Stealth
 - Level 12.3 Spellcasting
 - Level 8.0 Conjurations
 + Level 7.6 Summonings
 * Level 18.9 Necromancy
 - Level 2.0 Translocations
 - Level 4.0 Earth Magic
 - Level 4.0 Evocations


You had 11 spell levels left.
You knew the following spells:

 Your Spells              Type           Power      Damage    Failure   Level
a - Magic Dart            Conj           100%       1d8       1%          1
b - Searing Ray           Conj           100%       2d8       1%          2
c - Vampiric Draining     Necr           87%        2d12      0%          3
d - Borgnjor's Vile Clut  Necr/Erth      34%        N/A       1%          5
e - Haunt                 Necr/Summ      36%        N/A       12%         7
f - Stone Arrow           Conj/Erth      98%        3d13      1%          3
g - Lesser Beckoning      Tloc           54%        N/A       2%          2
A - Blink                 Tloc           54%        N/A       2%          2
B - Passwall              Tmut/Erth      22%        N/A       2%          2

Your spell library contained the following spells:

 Spells                   Type           Power      Damage    Failure   Level
 Necrotise                Necr           100%       1d9       0%          1
 Sublimation of Blood     Necr           87%        N/A       0%          2
 Animate Dead             Necr           87%        N/A       0%          4
 Sandblast                Erth           76%        2d16      1%          1
 Cigotuvi's Dreadful Rot  Necr/Pois/Air  100%       N/A       1%          2
 Momentum Strike          Conj/Tloc      86%        3d10      1%          2
 Dazzling Flash           Conj/Hex       76%        N/A       1%          3
 Anguish                  Hex/Necr       30%        N/A       1%          4
 Agony                    Necr           87%        N/A       1%          5
 Beastly Appendage        Tmut           32%        N/A       3%          1
 Slow                     Hex            64%        N/A       3%          1
 Scorch                   Fire           32%        2d6       4%          2
 Wereblood                Tmut           16%        N/A       4%          2
 Iskenderun's Mystic Bla  Conj/Tloc      43%        2d10      4%          4
 Flame Wave               Conj/Fire      38%        2d10      6%          4
 Fulminant Prism          Conj/Hex       19%        3d10      6%          4
 Confusing Touch          Hex            16%        N/A       10%         3
 Inner Flame              Hex/Fire       16%        N/A       10%         3
 Spider Form              Tmut/Pois      16%        N/A       10%         3
 Tukima's Dance           Hex            16%        N/A       10%         3
 Borgnjor's Revivificati  Necr           43%        N/A       10%         8
 Infestation              Necr           43%        N/A       10%         8
 Simulacrum               Ice/Necr       30%        N/A       11%         6
 Passage of Golubria      Tloc           27%        N/A       14%         4
 Summon Cactus Giant      Summ           27%        N/A       22%         6
 Yara's Violent Unravell  Hex/Tmut       8%         3d5       67%         5
 Death's Door             Necr           43%        N/A       82%         9
 Necromutation            Tmut/Necr      30%        N/A       99%         8
 Enfeeble                 Hex            8%         N/A       100%        7


Dungeon Overview and Level Annotations

Branches:
Dungeon (15/15)            Temple (0/1) D:4            Lair (5/5) D:10
  Swamp (1/4) Lair:3       Spider (2/4) Lair:3        Slime (0/5) Lair:5
    Orc (0/2) D:10         Vaults (0/5) D:14         Depths (0/4) D:15

Altars:
Ashenzari
Fedhas
Gozag
Hepliaklqana
Kikubaaqudgha
Nemelex Xobeh
Qazlal
Ru
Sif Muna
Trog
Vehumet
Wu Jian
Xom
Yredelemnul
Jiyva
Lugonu

Shops:
D:3 =   D:6 :   D:12 [   D:13 =   D:15 *

Portals:
Abyss: Lair:5

Annotations:
Lair:3 1 runed translucent door, Ruicvywi's ghost, journeyman OgTm


Innate Abilities, Weirdness & Mutations

You have a pair of horns on your head.
You are mostly covered in thin metallic scales. (AC +3)
A weak demonic guardian rushes to your aid.
You sometimes gain power by taking damage.


Message History

The nameless horror hits you!
Your phantasmal warrior hits the meliai.
The meliai dies!
Kikubaaqudgha accepts your kill.
The culicivora bites you but does no damage.
The nameless horror hits you!
Your phantasmal warrior hits the culicivora but does no damage.
Your phantasmal warrior disappears in a puff of smoke!
Send 'em back where they came from!
Your shadow wraith disappears in a puff of smoke!
Your freezing wraith disappears in a puff of smoke!
Your wraith disappears in a puff of smoke!
The culicivora closely misses you.
Unknown command.
The nameless horror attacks as you move away!
The nameless horror hits you!
You feel your power leaking away. The culicivora barely misses you.
The culicivora attacks as you move away!
The culicivora barely misses you.
The culicivora bites you but does no damage.
There is a stone staircase leading down here.
The nameless horror attacks as you move away!
The nameless horror hits you!
The culicivora attacks as you move away!
The culicivora barely misses you. The culicivora misses you.
Your magical contamination has completely faded away.
The nameless horror attacks as you move away!
The nameless horror hits you.
You feel your power leaking away.
You see here a +0 battleaxe.
The culicivora attacks as you move away!
The culicivora bites you!
* * * LOW HITPOINT WARNING * * *
You focus on the pain.
You feel very mighty all of a sudden.
The culicivora draws strength from your injuries!
The culicivora bites you!!
You die...
Kikubaaqudgha rasps: "You have failed me!
Welcome... death!"

#....### ##.......
##...##..# #........
#..|##....##......(.
##...##...#...†##.#.
#####..^##.(......# #
####.###....#........#
##[##........##...##^##
######...#.......###....###
##.$..........s@..#..^..##
#.............X..##....##
#....).....>...###...###
#)..)...........##..##
#...........^...†.#...#
...#.[...............##
..§###.....##.......##
.^..........#......##
...........####..###


You could see a nameless horror and a culicivora.

Vanquished Creatures
  Gastronok (Lair:3)
  A broodmother (Spider:1)
  A caustic shrike skeleton (D:15)
  A hydra (D:7)
  2 jorogumos
  Erica (Lair:2)
  2 ogre magi
  3 centaur warriors
  A radroach (Spider:2)
  13 two-headed ogres
  3 boulder beetles
  3 thrashing horrors (Lair:5)
  2 nameless horrors
  2 orb spiders
  2 flayed ghosts
  3 skeletal warriors
  7 large abominations
  2 wizards (D:12)
  A spark wasp zombie (D:15)
  4 bog bodies (Lair:3)
  A sphinx zombie (D:15)
  2 steelbarb worms (Spider:1)
  A necromancer (D:15)
  2 lindwurms (Lair:4)
  2 deep elf pyromancers
  2 wolf spiders
  An oklob plant (D:10)
  5 ugly things
  6 cyclopes
  3 manticores
  16 elephants
  A fire giant skeleton (D:15)
  A demonic crawler (Spider:1)
  A torpor snail (Lair:1)
  A smoke demon (Lair:5)
  4 rime drakes
  5 gargoyles
  10 cane toads
  2 unseen horrors (D:12)
  10 kobold demonologists
  2 tengu conjurers (D:14)
  An efreet (D:15)
  6 komodo dragons
  4 meliai
  4 tarantellas
  6 trolls
  An ancient zyme (Lair:5)
  4 polar bears
  20 blink frogs
  3 hornets
  9 dream sheep
  17 small abominations
  5 jumping spiders
  21 slime creatures
  A shadow (D:13)
  4 ynoxinuls (Lair:5)
  4 spriggans
  3 wyverns
  A wraith (D:12)
  39 yaks
  3 basilisks
  2 steam dragons
  12 redbacks
  A chaos spawn (Lair:5)
  15 vampire mosquitoes
  A swamp worm (Lair:3)
  4 acid dragons (D:12)
  17 water moccasins
  4 ice beasts
  4 black bears
  3 orc warriors
  A sky beast (D:7)
  11 centaurs
  6 wolves (Lair:1)
  2 ogres (D:6)
  2 phantoms
  4 kobold brigands (D:10)
  18 bullfrogs
  4 scorpions
  A gnoll sergeant (D:7)
  3 killer bees (D:7)
  3 howler monkeys
  2 electric eels
  3 hounds
  A jelly (D:7)
  12 orc priests
  4 sleepcaps
  5 iguanas
  14 orc wizards
  4 shadow imps
  15 adders
  14 white imps
  2 ufetubi
  8 worms
  6 dart slugs
  45 orcs
  10 ball pythons
  7 bats
  6 endoplasms
  4 giant cockroaches
  5 goblins
  8 hobgoblins
  13 jackals
  6 quokkas
  5 frilled lizards
  23 kobolds
  9 rats
638 creatures vanquished.

Vanquished Creatures (collateral kills)
  An emperor scorpion (Spider:1)
  A centaur warrior (D:14)
  A hell knight (D:12)
  A wolf spider (Spider:2)
  An ancient zyme (Lair:5)
  2 meliai (Spider:2)
  A slime creature (D:13)
  2 jumping spiders
  A large abomination (Lair:5)
  4 redbacks
  A vampire mosquito (D:11)
  An acid dragon (D:12)
  A centaur (D:14)
  3 white imps (D:12)
21 creatures vanquished.

Grand Total: 659 creatures vanquished

Notes
Turn   | Place    | Note
-------+----------+-------------------------------------------
     0 | D:1      | Kallu the Demonspawn Conjurer began the quest for the Orb.
     0 | D:1      | Reached XP level 1. HP: 13/13 MP: 3/3
   302 | D:1      | Gained mutation: You sometimes gain a little power by
                  | taking damage. [demonic ancestry]
   302 | D:1      | Reached XP level 2. HP: 19/19 MP: 1/5
   451 | D:1      | Learned a level 2 spell: Searing Ray
   778 | D:1      | Found a faded altar of an unknown god.
  1082 | D:2      | Gained mutation: You sometimes gain power by taking damage.
                  | [demonic ancestry]
  1082 | D:2      | Reached XP level 3. HP: 22/24 MP: 3/7
  1522 | D:2      | Reached XP level 4. HP: 30/30 MP: 4/8
  1598 | D:2      | Reached skill level 5 in Conjurations
  1952 | D:2      | Identified the +1 falchion "Wicam" {flame, Dex+4}
  2215 | D:3      | Found a basalt altar of Yredelemnul.
  2512 | D:3      | Found Cuant's Jewellery Boutique.
  2563 | D:3      | Reached XP level 5. HP: 35/35 MP: 3/9
  2650 | D:3      | Reached skill level 1 in Fighting
  3163 | D:3      | Found an opulent altar of Gozag.
  3226 | D:3      | Found a shimmering altar of Xom.
  3296 | D:4      | Found a sacrificial altar of Ru.
  3306 | D:4      | Gained mutation: You are partially covered in thin metallic
                  | scales. (AC +2) [demonic ancestry]
  3306 | D:4      | Reached XP level 6. HP: 44/44 MP: 4/10
  3386 | D:4      | Reached skill level 1 in Necromancy
  3439 | D:4      | Learned a level 3 spell: Vampiric Draining
  3660 | D:4      | Reached skill level 2 in Necromancy
  3805 | D:4      | Found a stormy altar of Qazlal.
  3968 | D:4      | You fall into a shaft and drop 3 floors!
  3993 | D:7      | Noticed a water moccasin
  4000 | D:7      | Killed a water moccasin
  4001 | D:7      | Reached skill level 3 in Necromancy
  4001 | D:7      | Gained mutation: You are mostly covered in thin metallic
                  | scales. (AC +3) [demonic ancestry]
  4001 | D:7      | Reached XP level 7. HP: 47/50 MP: 5/11
  4111 | D:7      | Noticed a steam dragon
  4129 | D:6      | Found a hazy altar of Hepliaklqana.
  4155 | D:7      | Reached skill level 4 in Necromancy
  4446 | D:6      | Found Ecvuum's Book Shoppe.
  4727 | D:6      | Reached skill level 5 in Necromancy
  4735 | D:6      | Reached XP level 8. HP: 56/56 MP: 9/12
  5067 | D:6      | Found a blossoming altar of Fedhas.
  5068 | D:6      | Found an ancient bone altar of Kikubaaqudgha.
  5077 | D:6      | Reached skill level 6 in Necromancy
  5082 | D:6      | Became a worshipper of Kikubaaqudgha
  5557 | D:5      | Entered Level 5 of the Dungeon
  5719 | D:5      | Reached skill level 5 in Spellcasting
  5719 | D:5      | Reached skill level 7 in Necromancy
  5911 | D:4      | Found a staircase to the Ecumenical Temple.
  7145 | D:7      | Reached skill level 8 in Necromancy
  7151 | D:7      | Reached XP level 9. HP: 53/63 MP: 4/16
  7254 | D:7      | Found a sparkling altar of Nemelex Xobeh.
  7522 | D:7      | Noticed a centaur warrior
  7522 | D:7      | Noticed a two-headed ogre
  7523 | D:7      | Noticed a manticore
  7523 | D:7      | Noticed a skeletal warrior
  7523 | D:7      | Noticed a manticore
  7707 | D:8      | Reached skill level 9 in Necromancy
  7816 | D:8      | Reached * piety under Kikubaaqudgha
  7816 | D:8      | Received a gift from Kikubaaqudgha
  8498 | D:9      | Noticed a kobold demonologist
  8500 | D:9      | Noticed a kobold demonologist
  8505 | D:9      | Noticed an orange demon
  8845 | D:9      | Reached skill level 10 in Necromancy
  8954 | D:9      | Killed a kobold demonologist
  8955 | D:9      | Noticed an ice devil
  8967 | D:9      | Killed a kobold demonologist
  8968 | D:9      | Reached skill level 11 in Necromancy
  8985 | D:9      | Reached ** piety under Kikubaaqudgha
  9333 | D:9      | Reached XP level 10. HP: 65/71 MP: 7/17
  9708 | D:10     | Entered Level 10 of the Dungeon
  9746 | D:10     | Found an ornate altar of the Wu Jian Council.
  9797 | D:10     | Noticed an oklob plant
  9918 | D:10     | Reached skill level 12 in Necromancy
 10174 | D:10     | Found a staircase to the Orcish Mines.
 10210 | D:10     | Noticed a two-headed ogre
 10222 | D:10     | Killed a two-headed ogre
 10223 | D:10     | Reached skill level 13 in Necromancy
 10612 | D:10     | Found a staircase to the Lair.
 10715 | D:10     | Found a broken altar of Ashenzari.
 10715 | D:10     | Found a shimmering blue altar of Sif Muna.
 10731 | D:9      | Reached skill level 14 in Necromancy
 10952 | D:10     | Noticed a two-headed ogre
 10959 | D:10     | Killed a two-headed ogre
 10982 | D:10     | Reached skill level 15 in Necromancy
 10987 | D:10     | Gained mutation: A weak demonic guardian rushes to your
                  | aid. [demonic ancestry]
 10987 | D:10     | Reached XP level 11. HP: 45/77 MP: 6/18
 11547 | D:11     | Found a bloodstained altar of Trog.
 11868 | D:11     | Reached *** piety under Kikubaaqudgha
 11868 | D:11     | Received a gift from Kikubaaqudgha
 12169 | D:11     | Learned a level 5 spell: Borgnjor's Vile Clutch
 12243 | D:11     | Noticed a green ugly thing
 12264 | D:11     | Killed a green ugly thing
 12265 | D:11     | Reached skill level 16 in Necromancy
 12265 | D:11     | Reached skill level 1 in Earth Magic
 12506 | D:10     | Killed an oklob plant
 12602 | Lair:1   | Entered Level 1 of the Lair of Beasts
 12953 | D:7      | Killed a centaur warrior
 13133 | D:7      | Noticed a white ugly thing
 13145 | D:7      | Killed a white ugly thing
 13270 | D:7      | Killed a two-headed ogre
 13655 | D:7      | Reached skill level 17 in Necromancy
 13978 | D:7      | Killed a skeletal warrior
 14476 | D:7      | Noticed a seven-headed hydra
 14497 | D:7      | Killed a seven-headed hydra
 14498 | D:7      | Reached XP level 12. HP: 83/83 MP: 8/22
 15199 | Lair:1   | Reached **** piety under Kikubaaqudgha
 15877 | Lair:1   | Reached skill level 5 in Fighting
 16003 | Lair:1   | Learned a level 2 spell: Blink
 16826 | Lair:2   | Noticed a boulder beetle
 16852 | Lair:2   | Killed a boulder beetle
 17177 | Lair:2   | Noticed Erica
 17186 | Lair:2   | Killed Erica
 17324 | Lair:2   | Reached skill level 1 in Evocations
 18425 | Lair:3   | Noticed Gastronok
 18437 | Lair:3   | Killed Gastronok
 18437 | Lair:3   | Reached ***** piety under Kikubaaqudgha
 18438 | Lair:3   | Reached XP level 13. HP: 99/99 MP: 7/26
 18496 | Lair:3   | Found a runed translucent door.
 18496 | Lair:3   | Noticed Ruicvywi's ghost (journeyman OgTm)
 18836 | Lair:3   | Found a hole to the Spider Nest.
 19193 | Lair:3   | Found a staircase to the Swamp.
 19743 | Lair:4   | Reached skill level 5 in Dodging
 20234 | Lair:4   | Reached skill level 1 in Translocations
 21376 | Lair:4   | Reached skill level 10 in Spellcasting
 21515 | Lair:4   | Identified the +0 trident of a bazaar {drain, Fly rN+++
                  | Will- Int-5 Dex+9}
 21665 | Lair:5   | Entered Level 5 of the Lair of Beasts
 21812 | Lair:5   | Reached skill level 1 in Long Blades
 22618 | Lair:5   | Found a staircase to the Slime Pits.
 22618 | Lair:5   | Found a viscous altar of Jiyva.
 23171 | Lair:5   | Reached ****** piety under Kikubaaqudgha
 23191 | Lair:5   | Received a gift from Kikubaaqudgha
 23217 | Lair:5   | Gained mutation: You have a pair of small horns on your
                  | head. [demonic ancestry]
 23217 | Lair:5   | Reached XP level 14. HP: 80/108 MP: 12/28
 23682 | Lair:5   | Learned a level 7 spell: Haunt
 23701 | Lair:5   | Reached skill level 1 in Summonings
 23820 | Lair:5   | Reached skill level 5 in Long Blades
 24632 | Lair:5   | Found a corrupted altar of Lugonu.
 24632 | Lair:5   | Found a one-way gate to the infinite horrors of the Abyss.
 24636 | Lair:5   | Identified the +4 bardiche of Kindness {flame, rN+ Will+
                  | Str+3 Int+2}
 25560 | D:12     | Reached skill level 1 in Polearms
 26499 | D:12     | Identified the +1 short sword of Kowioproaq {speed, Fragile
                  | rC++ Dex+7}
 26511 | D:12     | Identified the staff of air "Ebrastam" {rElec SInv}
 26823 | D:12     | Found Umui's Antique Armour Emporium.
 27229 | D:12     | Bought a pair of glowing boots for 180 gold pieces
 27331 | D:12     | Identified the +0 tower shield of the Locust {rC++}
 27388 | D:12     | Identified the +4 scale mail "Keed" {Will+ Str+3}
 27509 | D:12     | Reached skill level 5 in Polearms
 28770 | D:13     | Found Behoukk's Jewellery Emporium.
 30108 | D:14     | Found a gate to the Vaults.
 30199 | D:14     | Reached skill level 5 in Summonings
 30267 | D:14     | Gained mutation: You have a pair of horns on your head.
                  | [demonic ancestry]
 30267 | D:14     | Reached XP level 15. HP: 89/113 MP: 31/31
 30525 | D:14     | Found a radiant altar of Vehumet.
 30658 | D:15     | Entered Level 15 of the Dungeon
 30684 | D:15     | Learned a level 2 spell: Passwall
 30688 | D:15     | Learned a level 3 spell: Stone Arrow
 31012 | D:15     | Found a staircase to the Depths.
 31259 | D:15     | Found Ycasoq's Mayhem Merchandise.
 31577 | D:15     | Reached skill level 18 in Necromancy
 32212 | Swamp:1  | Entered Level 1 of the Swamp
 32261 | Spider:1 | Entered Level 1 of the Spider Nest
 32462 | Spider:1 | Noticed an emperor scorpion
 32469 | Spider:1 | Killed an emperor scorpion
 34700 | Spider:2 | Learned a level 2 spell: Lesser Beckoning
 34886 | Spider:2 | Slain by a culicivora

Illustrated notes

Levels and vault maps discovered:
D:1:      dpeg_arrival_rooms_a, layout_loops_ring, shapermc_ecumenical_altar_gd,
          minmay_shallow_snake_nest
D:2:      layout_loops_ring
D:3:      layout_loops_ring, mainiacjoe_overflow_boulevard,
          grunt_gozag_breadcrumbs, general_overflow_altar, serial_shops, shop
D:4:      layout_loops_ring, nicolae_ru_great_annihilating_truth,
          nicolae_overflow_crystal_walls, minmay_temple_entry_gardened_gates,
          gup_sewer_entry_bubbles, nicolae_concentric_dashed_squares_mild,
          corexii_corridor_pit
D:5:      layout_basic, zin_academy
D:6:      hellmonk_destroyed_diamonds, layout_loops_corners,
          grunt_temple_overflow_growth_and_decay,
          nicolae_overflow_hidden_temple, serial_aquarium,
          aquarium_bridge_island_small [aquarium_subvault_small_open,
          aquarium_subvault_wall, aquarium_subvault_wall,
          aquarium_subvault_bridge, aquarium_subvault_bridge],
          aquarium_window_double, aquarium_window_corner,
          aquarium_window_corridor_1, aquarium_view_2d, aquarium_pool_2,
          serial_shops, shop
D:7:      nzn_winding_woodlands_stair_cross [nzn_winding_woodlands_5x15_jagged,
          nzn_winding_woodlands_center_pierced_h,
          nzn_winding_woodlands_5x15_pathside_ponds,
          nzn_winding_woodlands_5x5_checkerboard,
          nzn_winding_woodlands_hourglass,
          nzn_winding_woodlands_5x15_concentric,
          nzn_winding_woodlands_center_lodge,
          nzn_winding_woodlands_5x15_garden], layout_loops_ring,
          nemelex_diamond_rough_becter
D:8:      layout_loops_ring
D:9:      layout_irregular_city, serial_rivers, chequers_serial_rivers_room_a,
          chequers_serial_rivers_large_a, chequers_serial_rivers_micro_e,
          chequers_serial_rivers_room_a, chequers_serial_rivers_micro_b,
          david_defended_altar_orc
D:10:     layout_loops_ring, gammafunk_temple_overflow_pools,
          pdpol_wu_jian_five_deadly_venoms, dpeg_oklobed_lair, evilmike_minifort
D:11:     layout_irregular_city, trog_ov_bears_minmay
D:12:     minmay_the_grid_net [minmay_the_grid_doors,
          minmay_the_grid_diamond_grid, minmay_the_grid_tree,
          minmay_the_grid_pillar_ring, minmay_the_grid_spin_star,
          minmay_the_grid_prize_diamond_cup], layout_basic,
          portal_ice_cave_entry_imps, serial_shops, nicolae_shop_hallway_stairs,
          laboratory
D:13:     layout_grid_maze, serial_shops, nicolae_shop_advertising_works
          [nicolae_subvault_shop_adworks]
D:14:     layout_rooms, david_vaults_2, minmay_liquid_box,
          nicolae_vehumet_radiance
D:15:     gammafunk_depths_entry_grave, layout_stronghold, minmay_shop_mayhem
Lair:1:   layout_cave_shapes, wad_woods_02, grunt_megastairs_2
Lair:2:   layout_regular_city, grunt_megastairs_3, uniq_erica
Lair:3:   layout_gridlike, nicolae_swamp_entry_splash_gauntlet,
          nicolae_spider_entry_non_spiders, enter_volcano_4,
          ebering_ghost_reflecting_pool, minmay_holes, uniq_gastronok
Lair:4:   cheibrodos_lair_overgrown_chateau, layout_regular_city,
          kennysheep_catoblepas_arena
Lair:5:   hellmonk_lair_end_abyssal_woods, layout_hall_layers, slime_entry_1,
          serial_bayou_shore_a, lemuel_fruit_tree
Swamp:1:  gammafunk_mikee_crab_dinner, layout_basic_swamp,
          hangedman_swamp_diagram, infiniplex_staircase_pool
Spider:1: layout_cave_pods
Spider:2: nicolae_spider_hilbert_zone_5 [nicolae_spider_hilbert_3_sides_1_open,
          nicolae_spider_hilbert_4_sides_1_open,
          nicolae_spider_hilbert_4_sides_1_open,
          nicolae_spider_hilbert_6_sides_1_open,
          nicolae_spider_hilbert_6_sides_1_open]

Skill      XL: |  1  2  3  4  5  6  7  8  9 10 11 12 13 14 15 |
---------------+----------------------------------------------+-----
Spellcasting   | 3 5 6 9 10 12 | 12.3
Conjurations   | 5 6 7 8 |  8.0
Fighting       | 2 3 4 8 9 |  9.0
Necromancy     | 3 5 8 11 15 17 18 | 18.9
Earth Magic    | 4 |  4.0
Evocations     | 3 4 |  4.0
Dodging        | 6 |  6.0
Translocations | 2 |  2.0
Long Blades    | 4 5 |  5.0
Summonings     | 5 7 |  7.6
Polearms       | 5 6 |  6.0
Stealth        | |  1.7

Action                     |  1- 3 |  4- 6 |  7- 9 | 10-12 | 13-15 || total
---------------------------+-------+-------+-------+-------+-------++-------
  Melee: Falchion          |       |    28 |   131 |   160 |   207 ||   526
         Punch             |       |       |       |     2 |     2 ||     4
         Staff             |       |       |       |       |     1 ||     1
         Bardiche          |       |       |       |       |   222 ||   222
         Headbutt          |       |       |       |       |    49 ||    49
   Fire: Sling             |    14 |    18 |       |       |       ||    32
  Throw: Dart              |       |       |       |       |     1 ||     1
   Cast: Magic Dart        |    52 |    77 |    49 |    38 |    22 ||   238
         Searing Ray       |     3 |    20 |    43 |    56 |    48 ||   170
         Vampiric Draining |       |       |    20 |    70 |   119 ||   209
         Borgnjor's Vile C |       |       |       |    80 |   270 ||   350
         Blink             |       |       |       |       |    16 ||    16
         Haunt             |       |       |       |       |    14 ||    14
         Stone Arrow       |       |       |       |       |    24 ||    24
 Invoke: Receive Forbidden |       |       |       |       |     1 ||     1
  Evoke: Wand              |       |       |     1 |     5 |     4 ||    10
         Lightning rod     |       |       |       |     4 |     5 ||     9
         Piece from Xom's  |       |       |       |       |     2 ||     2
         Phantom mirror    |       |       |       |       |     1 ||     1
    Use: Scroll            |       |       |       |    22 |    18 ||    40
         Potion            |       |       |       |       |     6 ||     6
   Stab: Sleeping          |       |       |     1 |       |     5 ||     6
 Armour: Robe              |     6 |    20 |   125 |   158 |   273 ||   582
  Dodge: Dodged            |    18 |    34 |   185 |   260 |   653 ||  1150
         Repelled          |     1 |       |     2 |     5 |    15 ||    23
